 Dungeon Crawl Stone Soup version 0.31-a0-263-ge8cad7f256 (webtiles) character file.

Game seed: 11583221828343697177

834 qw the Skirmisher (level 7, 0/61 HPs)
             Began as a Minotaur Hexslinger on July 13, 2023.
             Slain by an orc priest
             ... wielding a +0 flail
              (9 damage)
             ... on level 5 of the Dungeon.
             The game lasted 00:02:03 (4717 turns).

qw the Skirmisher (Minotaur Hexslinger)             Turns: 4717, Time: 00:02:03

Health: 0/61       AC:  2    Str: 12    XL:     7   Next: 66%
Magic:  7/7        EV: 11    Int: 10    God:
Gold:   302        SH:  0    Dex: 15    Spells: 7/8 levels left

rFire   . . .        Y - +2 sling
rCold   . . .        (no shield)
rNeg    . . .        j - +0 ring mail
rPois   .            (helmet restricted)
rElec   .            (no cloak)
rCorr   .            (no gloves)
SInv    .            (no boots)
Will    .....        (no amulet)
Stlth   +            (no ring)
HPRegen 0.30/turn    (no ring)
MPRegen 0.10/turn

%: clarity
@: about to teleport
A: horns 2, retaliatory headbutt, clarity, deformed body
a: no special abilities


You were on level 5 of the Dungeon.
You visited 1 branch of the dungeon, and saw 5 of its levels.

You collected 302 gold pieces.


Innate Abilities, Weirdness & Mutations

You have a pair of horns on your head.
You reflexively headbutt those who attack you in melee.
You possess an exceptional clarity of mind.
Armour fits poorly on your strangely shaped body.


   Skills:
 - Level 5.4 Fighting
 + Level 8.2 Ranged Weapons
 - Level 1.4 Armour
 - Level 2.1 Dodging
 - Level 1.0 Spellcasting
 - Level 2.0 Hexes


You had 7 spell levels left.
You knew the following spells:

 Your Spells              Type           Power      Damage    Failure   Level
a - Slow                  Hex            16%        N/A       32%         1

Your spell library contained the following spells:

 Spells                   Type           Power      Damage    Failure   Level
 Inner Flame              Hex/Fire       2%         N/A       83%         3
 Portal Projectile        Hex/Tloc       4%         N/A       83%         3
 Cause Fear               Hex            2%         N/A       97%         4

Inventory:

Hand Weapons
 Y - a +2 sling (weapon)
Armour
 j - a +0 ring mail (worn)
Scrolls
 f - a scroll of identify
Potions
 b - a potion of curing
 c - a potion of ambrosia {unknown}
 d - a potion of cancellation
 e - a potion of enlightenment {unknown}
 g - a potion of might {unknown}
 i - a potion of degeneration {unknown}
 k - a potion of mutation

Dungeon Overview and Level Annotations

Branches:
Dungeon (5/15)
 Temple: D:4-7

Altars:
Dithmenos
Gozag
Hepliaklqana
Makhleb
Ru

Shops:
D:3 :   D:4 :

Annotations:
D:3 Robin


Message History

An orc priest comes into view. It is wielding a +0 flail.
An orc comes into view. It is wielding a +0 club.
4705 ||| Stepping ~*~*~tactically~*~*~ (outnumbered).
You shoot a sling bullet. The sling bullet hits the orc priest.
The orc priest is almost dead.
You shoot a sling bullet. The sling bullet hits the orc priest!
You kill the orc priest!
4708 ||| FLEEEEING.
An orc comes into view. It is wielding a +0 club.
You shoot a sling bullet. The sling bullet hits the orc priest.
The orc priest is lightly wounded.
You shoot a sling bullet.
The sling bullet closely misses the orc priest.
You shoot a sling bullet.
The sling bullet closely misses the orc priest.
You shoot a sling bullet. The sling bullet barely misses the orc.
You shoot a sling bullet. The sling bullet hits the orc priest.
The orc priest is moderately wounded.
The orc priest hits you with a +0 flail.
The orc hits you with a +0 club.
You shoot a sling bullet.
The sling bullet barely misses the orc priest.
The orc hits you with a +0 club.
The orc priest hits you with a +0 flail!
You shoot a sling bullet. The sling bullet hits the orc priest!
The orc priest is severely wounded.
The orc misses you. The orc closely misses you. You furiously retaliate!
You headbutt the orc. The orc closely misses you.
The orc priest invokes the aid of Beogh against you.
Beogh smites you!
You shoot a sling bullet.
The sling bullet barely misses the orc priest.
The orc hits you with a +0 club.
The orc priest hits you with a +0 flail!
The orc hits you but does no damage.
4717 ||| READING scroll of teleportation.
As you read the scroll of teleportation, it crumbles to dust.
You feel strangely unstable.
The orc priest hits you with a +0 flail!
You die...

#.#.)#.#.##
######.#.##.##
#........##.# #
###.#####..##.# ###
#.#.....# #..##.###..
#.#.#.#.###..........
#............#.####..
###.#.#.######.# ###
######.@o..# #.#
........oo###
..#######.# #)# #..
#).# #..# #).. .o#


You could see an orc priest and 2 orcs.

Vanquished Creatures
  A black bear (D:3)
  An ogre (D:5)
  A phantom (D:4)
  A kobold brigand (D:5)
  A scorpion (D:5)
  2 hounds
  2 orc priests
  Natasha (twice) (D:3)
  3 orc wizards
  11 adders
  2 worms (D:1)
  3 dart slugs (D:2)
  14 orcs
  10 endoplasms
  A giant cockroach (D:4)
  9 goblins
  7 hobgoblins
  2 jackals (D:3)
  9 kobolds
  6 quokkas
  7 ball pythons
  2 bats
  7 frilled lizards
  3 rats
107 creatures vanquished.

Notes
Turn   | Place    | Note
-------+----------+-------------------------------------------
     0 | D:1      | qw the Minotaur Hexslinger began the quest for the Orb.
     0 | D:1      | Reached XP level 1. HP: 16/16 MP: 1/1
     0 | D:1      | 0 ||| qw: Version: 0.3-a-52-g30416fa
     0 | D:1      | 0 ||| qw: Game counter: 7183
     0 | D:1      | 0 ||| qw: Melee chars always use a shield: true
     0 | D:1      | 0 ||| qw: God list: Okawaru
     0 | D:1      | 0 ||| qw: Allow faded altars: false
     0 | D:1      | 0 ||| qw: Do Orc after clearing Dungeon:15 true
     0 | D:1      | 0 ||| qw: Do second Lair branch before Depths: true
     0 | D:1      | 0 ||| qw: Lair rune preference: random
     0 | D:1      | 0 ||| qw: Goals: Normal
     0 | D:1      | 0 ||| PLANNING D:1-11
   112 | D:1      | Reached skill level 3 in Ranged Weapons
   149 | D:1      | Reached XP level 2. HP: 23/23 MP: 2/2
   937 | D:1      | 937 ||| READING 3 scrolls labelled BUYSAU DAGAA.
   942 | D:1      | 942 ||| READING scroll labelled ACIS ROCVEYSH.
   943 | D:1      | 943 ||| READING scroll labelled MURIXKINYG.
   944 | D:1      | 944 ||| READING scroll labelled BAPOPLUBUO.
   945 | D:1      | 945 ||| DROPPING scroll of poison.
   966 | D:2      | 966 ||| STAIRDANCE
  1039 | D:2      | 1039 ||| STAIRDANCE
  1101 | D:2      | Found a faded altar of an unknown god.
  1155 | D:2      | Reached XP level 3. HP: 27/29 MP: 3/3
  1203 | D:2      | Reached skill level 4 in Ranged Weapons
  1254 | D:2      | 1254 ||| FLEEEEING.
  1260 | D:2      | 1260 ||| FLEEEEING.
  1464 | D:2      | Reached XP level 4. HP: 36/36 MP: 4/4
  1547 | D:2      | Reached skill level 5 in Ranged Weapons
  1775 | D:2      | 1775 ||| UPGRADING to +0 ring mail.
  1785 | D:2      | 1785 ||| DROPPING +0 robe.
  1887 | D:3      | Reached skill level 1 in Armour
  1971 | D:3      | Noticed Natasha
  1973 | D:3      | 1973 ||| FLEEEEING.
  1975 | D:3      | 1975 ||| FLEEEEING.
  1976 | D:3      | 1976 ||| FLEEEEING.
  1977 | D:3      | 1977 ||| FLEEEEING.
  1978 | D:3      | 1978 ||| FLEEEEING.
  1979 | D:3      | 1979 ||| FLEEEEING.
  1980 | D:3      | 1980 ||| FLEEEEING.
  1993 | D:3      | Killed Natasha
  1994 | D:3      | Reached skill level 3 in Fighting
  1994 | D:3      | Reached XP level 5. HP: 14/45 MP: 5/5
  2266 | D:3      | 2266 ||| FLEEEEING.
  2267 | D:3      | 2267 ||| FLEEEEING.
  2273 | D:3      | 2273 ||| FLEEEEING.
  2274 | D:3      | 2274 ||| FLEEEEING.
  2275 | D:3      | 2275 ||| FLEEEEING.
  2302 | D:3      | Found Puharor's Book Emporium.
  2367 | D:3      | Noticed Robin
  2367 | D:3      | Noticed Natasha
  2387 | D:3      | HP: 9/45 [Robin/+0 spear (4)]
  2388 | D:3      | 2388 ||| READING 2 scrolls of teleportation.
  2641 | D:3      | Killed Natasha
  2679 | D:3      | Noticed a black bear
  2690 | D:3      | Killed a black bear
  2691 | D:3      | Reached skill level 6 in Ranged Weapons
  2691 | D:3      | Reached XP level 6. HP: 31/51 MP: 6/6
  2772 | D:3      | Found an opulent altar of Gozag.
  2877 | D:3      | 2877 ||| FLEEEEING.
  2878 | D:3      | 2878 ||| FLEEEEING.
  2879 | D:3      | 2879 ||| FLEEEEING.
  2880 | D:3      | 2880 ||| FLEEEEING.
  2881 | D:3      | 2881 ||| FLEEEEING.
  2882 | D:3      | 2882 ||| FLEEEEING.
  2888 | D:3      | 2888 ||| FLEEEEING.
  2894 | D:3      | 2894 ||| STAIRDANCE
  2969 | D:2      | 2969 ||| READING scroll labelled BUHAAP KAFEXE.
  2970 | D:2      | 2970 ||| READING scroll labelled FACUS OQIXU.
  2971 | D:2      | 2971 ||| DRINKING 2 lumpy grey potions.
  2988 | D:2      | 2988 ||| DRINKING 2 bubbling grey potions.
  2988 | D:2      | Gained mutation: Armour fits poorly on your strangely
                  | shaped body. [potion of mutation]
  2988 | D:2      | Gained mutation: You possess an exceptional clarity of
                  | mind. [potion of mutation]
  2989 | D:2      | 2989 ||| READING 3 scrolls of identify.
  2989 | D:2      | 2989 ||| IDENTIFYING bubbling silvery potion
  2990 | D:2      | 2990 ||| READING 2 scrolls of identify.
  2990 | D:2      | 2990 ||| IDENTIFYING lumpy black potion
  2991 | D:2      | 2991 ||| DROPPING potion of attraction.
  2992 | D:2      | 2992 ||| DROPPING potion of lignification.
  3169 | D:4      | Identified the staff "Ajim" {Contam rElec rC+ Will- Dex+7
                  | Air}
  3265 | D:4      | Identified the +7 short sword "Newtbane" {freeze, Stlth+}
  3569 | D:4      | 3569 ||| FLEEEEING.
  3570 | D:4      | 3570 ||| FLEEEEING.
  3573 | D:4      | 3573 ||| FLEEEEING.
  3574 | D:4      | 3574 ||| FLEEEEING.
  3575 | D:4      | 3575 ||| FLEEEEING.
  3576 | D:4      | 3576 ||| FLEEEEING.
  3577 | D:4      | 3577 ||| FLEEEEING.
  3578 | D:4      | 3578 ||| FLEEEEING.
  3579 | D:4      | 3579 ||| FLEEEEING.
  3580 | D:4      | 3580 ||| FLEEEEING.
  3581 | D:4      | 3581 ||| FLEEEEING.
  3582 | D:4      | 3582 ||| FLEEEEING.
  3583 | D:4      | 3583 ||| FLEEEEING.
  3588 | D:4      | 3588 ||| FLEEEEING.
  3589 | D:4      | 3589 ||| FLEEEEING.
  3590 | D:4      | 3590 ||| FLEEEEING.
  3591 | D:4      | 3591 ||| FLEEEEING.
  3592 | D:4      | 3592 ||| FLEEEEING.
  3593 | D:4      | 3593 ||| FLEEEEING.
  3594 | D:4      | 3594 ||| FLEEEEING.
  3595 | D:4      | 3595 ||| FLEEEEING.
  3596 | D:4      | 3596 ||| FLEEEEING.
  3597 | D:4      | 3597 ||| FLEEEEING.
  3598 | D:4      | 3598 ||| FLEEEEING.
  3599 | D:4      | 3599 ||| FLEEEEING.
  3600 | D:4      | 3600 ||| FLEEEEING.
  3601 | D:4      | 3601 ||| FLEEEEING.
  3602 | D:4      | 3602 ||| FLEEEEING.
  3603 | D:4      | 3603 ||| FLEEEEING.
  3604 | D:4      | 3604 ||| FLEEEEING.
  3605 | D:4      | 3605 ||| FLEEEEING.
  3606 | D:4      | 3606 ||| FLEEEEING.
  3607 | D:4      | 3607 ||| FLEEEEING.
  3608 | D:4      | 3608 ||| FLEEEEING.
  3610 | D:4      | 3610 ||| FLEEEEING.
  3611 | D:4      | 3611 ||| FLEEEEING.
  3612 | D:4      | 3612 ||| FLEEEEING.
  3613 | D:4      | 3613 ||| FLEEEEING.
  3614 | D:4      | 3614 ||| FLEEEEING.
  3615 | D:4      | 3615 ||| FLEEEEING.
  3616 | D:4      | 3616 ||| FLEEEEING.
  3617 | D:4      | 3617 ||| FLEEEEING.
  3618 | D:4      | 3618 ||| STAIRDANCE
  3662 | D:3      | 3662 ||| READING scroll labelled QOEGGY ARUMEPS.
  3666 | D:4      | 3666 ||| STAIRDANCE
  3718 | D:4      | 3718 ||| STAIRDANCE
  3816 | D:4      | Reached skill level 7 in Ranged Weapons
  4020 | D:4      | Reached XP level 7. HP: 59/59 MP: 7/7
  4156 | D:4      | Found a sacrificial altar of Ru.
  4156 | D:4      | Found a shadowy altar of Dithmenos.
  4159 | D:4      | Found a burning altar of Makhleb.
  4200 | D:4      | Found Fecs's Book Emporium.
  4357 | D:4      | 4357 ||| READING scroll labelled RAITUE IPNACS.
  4358 | D:4      | 4358 ||| READING 2 scrolls of identify.
  4358 | D:4      | 4358 ||| IDENTIFYING red potion
  4376 | D:5      | Entered Level 5 of the Dungeon
  4377 | D:5      | 4377 ||| PLANNING SEWER
  4384 | D:5      | 4384 ||| STAIRDANCE
  4506 | D:5      | Reached skill level 8 in Ranged Weapons
  4529 | D:5      | Found a hazy altar of Hepliaklqana.
  4530 | D:5      | Found a faded altar of an unknown god.
  4705 | D:5      | 4705 ||| Stepping ~*~*~tactically~*~*~ (outnumbered).
  4708 | D:5      | 4708 ||| FLEEEEING.
  4716 | D:5      | HP: 9/61 [orc priest/+0 flail (10)]
  4717 | D:5      | 4717 ||| READING scroll of teleportation.
  4717 | D:5      | Slain by an orc priest

Levels and vault maps discovered:
D:1:      dpeg_arrival_tiny_b, layout_basic, chequers_garden
D:2:      layout_rooms, shapermc_ecumenical_altar_mp_ritualfount,
          minmay_joined_circles
D:3:      layout_basic, grunt_gozag_breadcrumbs, serial_shops, shop_coins,
          uniq_natasha, uniq_robin
D:4:      layout_loops_corners, chequers_temple_overflow_statue_of_worship,
          serial_shops, nicolae_shop_gibbet_a_chance, moated_statue
D:5:      layout_loops_ring, beargit_hepliaklqana_dungeon_heroes,
          portal_sewer_entry_e, grunt_ministairs_1, nicolae_elevator_lobby_plus

Skill      XL: |  1  2  3  4  5  6  7 |
---------------+----------------------+-----
Ranged Weapons | 3 4 5 6 7 8 |  8.2
Fighting       | 2 3 4 5 |  5.4
Armour         | 1 |  1.4
Dodging        | |  2.1
Spellcasting   | |  1.0
Hexes          | |  2.0

Action                     |  1- 3 |  4- 6 |  7- 9 || total
---------------------------+-------+-------+-------++-------
   Fire: Sling             |   103 |   278 |    87 ||   468
    Use: Scroll            |     4 |     6 |     3 ||    13
         Potion            |       |     2 |       ||     2
 Armour: Robe              |     7 |     5 |       ||    12
         Ring mail         |       |    56 |     5 ||    61
  Dodge: Dodged            |    30 |   122 |    22 ||   174

Table legend:
 A = Non-vault XP
 B = Vault XP
 C = Vault XP percentage of total XP
 D = Non-vault monster count
 E = Vault monster count
 F = Vault count percentage of total count
                 A         B        C        D         E       F
            +---------+---------+-------+---------+---------+-------
      Total |     949 |     243 |  20.4 |      85 |      22 |  20.6
            +---------+---------+-------+---------+---------+-------
        D:1 |      37 |       0 |   0.0 |      17 |       0 |   0.0
        D:2 |      66 |      42 |  38.9 |      17 |      12 |  41.4
        D:3 |     338 |      48 |  12.4 |      27 |       7 |  20.6
        D:4 |     249 |      13 |   5.0 |      18 |       1 |   5.3
        D:5 |     259 |     140 |  35.1 |       6 |       2 |  25.0
            +---------+---------+-------+---------+---------+-------
